 Dungeon Sprint DCSS version 0.31-a0-466-g98c9adc2b6 (webtiles) character file.

Game seed: 8051980623725356312

1147 dialectric the Basher (level 8, -1/74 HPs)
             Began as a Demonspawn Berserker on Aug 5, 2023.
             Was a Priest of Trog.
             Slain by a deep troll (6 damage)
             ... in the Dungeon (Sprint I: "Red Sonja").
             The game lasted 00:01:51 (426 turns).

dialectric the Basher (Demonspawn Berserker)         Turns: 426, Time: 00:01:52

Health: -1/74      AC:  3    Str: 19    XL:     8   Next: 15%
Magic:  8/8        EV: 13    Int: 10    God:    Trog [***...]
Gold:   525        SH:  0    Dex: 12    Spells: 7/7 levels left

rFire   . . .        a - +0 mace
rCold   . . .        (no shield)
rNeg    . . .        j - +0 leather armour
rPois   .            (no helmet)
rElec   .            (no cloak)
rCorr   .            (no gloves)
SInv    .            (no boots)
Will    .....        (no amulet)
Stlth   +            (no ring)
HPRegen 0.32/turn    (no ring)
MPRegen 0.11/turn

%: no teleportation
@: on berserk cooldown, slowed, very slow
A: demonic guardian 1, spiny 2
a: Renounce Religion, Berserk, Trog's Hand


You were in the Dungeon.
You worshipped Trog.
Trog was most pleased with you.
You visited 1 branch You collected 525 gold pieces.

Inventory:

Hand Weapons
 a - a +0 mace (weapon)
Missiles
 l - 4 boomerangs
 o - 2 curare-tipped darts
Armour
 b - a +0 animal skin
 j - a +0 leather armour (worn)
 m - a +0 plate armour
Wands
 i - a wand of iceblast (4)
 k - a wand of flame (17)
 n - a wand of mindburst (11)
Scrolls
 h - a scroll of blinking
Potions
 c - a potion of curing
 d - a potion of heal wounds
 e - a potion of haste
 f - 2 potions of magic
 g - a potion of berserk rage


   Skills:
 + Level 10.9 Fighting
 + Level 11.4 Maces & Flails
 + Level 5.4 Armour
 + Level 5.4 Dodging
 - Level 2.5 Evocations


You had 7 spell levels left.
You didn't know any spells.
Your spell library was empty.

Dungeon Overview and Level Annotations

Branches:
Dungeon (1/1)

Altars:
Cheibriados
Dithmenos
Fedhas
Gozag
Hepliaklqana
Kikubaaqudgha
Makhleb
Nemelex Xobeh
Okawaru
Qazlal
Ru
Sif Muna
Trog
Uskayaw
Vehumet
Wu Jian
Xom
Yredelemnul
Jiyva
Lugonu

Shops:
D !


Innate Abilities, Weirdness & Mutations

A weak demonic guardian rushes to your aid.
You are mostly covered in sharp spines.


Message History

The deep troll is struck by your spines.
The deep troll bites you! The deep troll closely misses you.
The deep troll claws you!
You thump the deep troll!
The deep troll is heavily wounded.
The deep troll bites you! The deep troll claws you!! The deep troll claws you!
* * * LOW HITPOINT WARNING * * *
You sock the deep troll! Your punch misses the deep troll.
The deep troll is heavily wounded.
You hit the deep troll.
The deep troll is severely wounded.
The deep troll bites you.
* * * LOW HITPOINT WARNING * * *
A demonic guardian appears!
The deep troll claws you!
* * * LOW HITPOINT WARNING * * *
The deep troll misses you.
Unknown command.
The deep troll bites your ufetubus!
Your ufetubus dies!
Your ufetubus disappears in a puff of smoke!
Unknown command.
You are too berserk!
You feel a strong urge to attack something.
You feel your anger nearly subside.
You are no longer berserk.
You are exhausted.
You feel yourself slow down.
There is an open door here.
Aiming: Iceblast
Press: ? - help, Shift-Dir - straight line, f - deep troll
Aim: a deep troll (severely wounded)
The mass of ice explodes!
The iceblast engulfs the deep troll.
The deep troll is severely wounded.
Unknown command.
Unknown command.
Aiming: Mindburst
Press: ? - help, Shift-Dir - straight line, f/p - deep troll
Aim: a deep troll (severely wounded, chance to affect: 59%)
The deep troll resists with significant effort.
The deep troll bites you.
You die...

#<.#..)..#.)'..#__#..+
#..').#..'..#..'..'..#
#..#####'#####'#__####
#..####..#...#.####
#..#__####..##.#
#..#_____##'#_.+
#⌠⌠#_.∩...'..._#
####_..__##_.#'#
#_____###@#.#
#########T####+###
+...'$$.$$+
#.).####### ##.## #+#


You could see a deep troll.

Vanquished Creatures
  Sonja (D)
  A slime creature (D)
  Sigmund (D)
  A yak (D)
  An ogre (D)
  A jelly (D)
  Ijyb (D)
7 creatures vanquished.

Notes
Turn   | Place    | Note
-------+----------+-------------------------------------------
     0 | D        | dialectric the Demonspawn Berserker began the quest for the
                  | Orb.
     0 | D        | Reached XP level 1. HP: 18/18 MP: 1/1
     2 | D        | Noticed Ijyb
     8 | D        | Killed Ijyb
     9 | D        | Reached skill level 4 in Maces & Flails
     9 | D        | Gained mutation: A weak demonic guardian rushes to your
                  | aid. [demonic ancestry]
     9 | D        | Reached XP level 2. HP: 26/26 MP: 2/2
    54 | D        | Noticed an ogre
    63 | D        | Killed an ogre
    64 | D        | Reached skill level 6 in Maces & Flails
    64 | D        | Reached XP level 3. HP: 21/34 MP: 3/3
    64 | D        | Reached XP level 4. HP: 25/40 MP: 4/4
   111 | D        | Noticed Sigmund
   113 | D        | Killed Sigmund
   113 | D        | Reached ** piety under Trog
   114 | D        | Reached skill level 8 in Maces & Flails
   114 | D        | Reached XP level 5. HP: 40/49 MP: 5/5
   128 | D        | Found a shimmering blue altar of Sif Muna.
   129 | D        | Found an ornate altar of the Wu Jian Council.
   130 | D        | Found a radiant altar of Vehumet.
   135 | D        | Gained mutation: You are partially covered in sharp spines.
                  | [demonic ancestry]
   135 | D        | Reached XP level 6. HP: 43/56 MP: 6/6
   164 | D        | Found Zicocso's Distillery.
   164 | D        | Found an ancient bone altar of Kikubaaqudgha.
   164 | D        | Found a hazy altar of Hepliaklqana.
   164 | D        | Found a stormy altar of Qazlal.
   164 | D        | Found a hide-covered altar of Uskayaw.
   164 | D        | Found a blossoming altar of Fedhas.
   164 | D        | Found a bloodstained altar of Trog.
   164 | D        | Found an iron altar of Okawaru.
   164 | D        | Found a basalt altar of Yredelemnul.
   164 | D        | Found a snail-covered altar of Cheibriados.
   164 | D        | Found a sacrificial altar of Ru.
   164 | D        | Found a shadowy altar of Dithmenos.
   164 | D        | Noticed a yak
   168 | D        | Killed a yak
   169 | D        | Reached skill level 9 in Maces & Flails
   169 | D        | Reached skill level 1 in Evocations
   169 | D        | Found an opulent altar of Gozag.
   170 | D        | Found a sparkling altar of Nemelex Xobeh.
   211 | D        | Found a burning altar of Makhleb.
   211 | D        | Found a shimmering altar of Xom.
   211 | D        | Noticed a slime creature
   212 | D        | Found a viscous altar of Jiyva.
   212 | D        | Found a corrupted altar of Lugonu.
   221 | D        | Killed a slime creature
   222 | D        | Reached skill level 10 in Maces & Flails
   222 | D        | Reached XP level 7. HP: 46/64 MP: 7/7
   273 | D        | Noticed Sonja
   276 | D        | Killed Sonja
   276 | D        | Reached *** piety under Trog
   277 | D        | Reached skill level 10 in Fighting
   277 | D        | Reached skill level 11 in Maces & Flails
   277 | D        | Reached skill level 5 in Armour
   277 | D        | Reached skill level 5 in Dodging
   277 | D        | Gained mutation: You are mostly covered in sharp spines.
                  | [demonic ancestry]
   277 | D        | Reached XP level 8. HP: 30/74 MP: 8/8
   414 | D        | Noticed a deep troll
   420 | D        | HP: 5/111 [deep troll (17)]
   426 | D        | Slain by a deep troll

Illustrated notes

Levels and vault maps discovered:
D:        dungeon_sprint_1 [red_sonja_temple_1, red_sonja_temple_small_1]

Skill      XL: |  1  2  3  4  5  6  7 |
---------------+----------------------+-----
Fighting       | 4 6 7 8 9 10 | 10.9
Maces & Flails | 4 6 8 10 11 | 11.4
Armour         | 2 3 4 5 |  5.4
Dodging        | 2 3 4 5 |  5.4
Evocations     | 1 2 |  2.5

Action                     |  1- 3 |  4- 6 |  7- 9 || total
---------------------------+-------+-------+-------++-------
  Melee: Mace              |    13 |    12 |     4 ||    29
 Invoke: Berserk           |     2 |     2 |     1 ||     5
  Evoke: Wand              |       |     4 |     5 ||     9
 Armour: Leather armour    |       |     3 |     1 ||     4
  Dodge: Dodged            |     4 |     2 |     3 ||     9

Table legend: (Time is in decaauts)
 A = Elapsed time spent in this place.
 B = Non-inter-level travel time spent in this place.
 C = Inter-level travel time spent in this place.
 D = Time resting spent in this place.
 E = Time spent auto-exploring this place.
 F = Levels seen in this place.
 G = Mean time per level.
                   A        B        C        D        E       F      G
               +--------+--------+--------+--------+--------+-----+--------+
         Total |    463 |    463 |      0 |    264 |      0 |   1 |  463.0 |
       Dungeon |    463 |    463 |      0 |    264 |      0 |   1 |  463.0 |
               +--------+--------+--------+--------+--------+-----+--------+

Top non-repeatable levels by time:
       D: 463 daAuts
